 Dungeon Crawl Stone Soup version 0.30.1-4-g462c640d31 (webtiles) character file.

Game seed: 1963450810421019524

282 safid the Chiller (level 6, -6/47 HPs)
             Began as a Merfolk Ice Elementalist on Sept 7, 2023.
             Mangled by Menkaure (16 damage)
             ... on level 4 of the Dungeon.
             The game lasted 00:04:28 (3221 turns).

safid the Chiller (Merfolk Ice Elementalist)        Turns: 3221, Time: 00:04:29

Health: -6/47      AC: 10    Str:  8    XL:     6   Next: 28%
Magic:  5/11       EV: 12    Int: 16    God:
Gold:   210        SH:  0    Dex: 15    Spells: 5/12 levels left

rFire   . . .        f - +5 short sword
rCold   . . .        (no shield)
rNeg    . . .        a - +0 robe
rPois   .            c - +0 helmet
rElec   .            g - +0 cloak
rCorr   .            (no gloves)
SInv    .            (no boots)
Will    .....        (no amulet)
Stlth   ++           (no ring)
HPRegen 0.27/turn    (no ring)
MPRegen 0.12/turn

%: no passive effects
@: ice-armoured
A: (nimble swimmer 2), mertail
a: no special abilities


You were on level 4 of the Dungeon.
You visited 1 branch of the dungeon, and saw 4 of its levels.

You collected 210 gold pieces.

Inventory:

Hand Weapons
 f - a +5 short sword (weapon)
Missiles
 d - a throwing net
Armour
 a - a +0 robe (worn)
 c - a +0 helmet (worn)
 g - a +0 cloak (worn)
Jewellery
 w - a ring of willpower
Wands
 q - a wand of charming (10)
Scrolls
 e - 4 scrolls of fog {unknown}
 h - a scroll of fear {unknown}
 k - 2 scrolls of immolation {unknown}
 m - a scroll of brand weapon {unknown}
 o - a scroll of vulnerability {unknown}
 s - 3 scrolls of identify {unknown}
 t - 3 scrolls of enchant armour {unknown}
 u - 2 scrolls of noise {unknown}
 v - 2 scrolls of teleportation {unknown}
Potions
 b - a potion of magic
 i - a potion of attraction {unknown}
 j - a potion of berserk rage {unknown}
 l - 3 potions of flight {unknown}
 n - a potion of heal wounds {unknown}
 p - a potion of degeneration {unknown}
 r - 3 potions of curing {unknown}


   Skills:
 + Level 3.6 Fighting
 - Level 2.6 Dodging
 - Level 2.1 Stealth
 + Level 3.7 Spellcasting
 + Level 5.9 Ice Magic


You had 5 spell levels left.
You knew the following spells:

 Your Spells              Type           Power      Damage    Failure   Level
a - Freeze                Ice            84%        1d9       1%          1
b - Frozen Ramparts       Ice            42%        1d7       4%          3
c - Ozocubu's Armour      Ice            21%        N/A       4%          3

Your spell library contained the following spells:

 Spells                   Type           Power      Damage    Failure   Level
 Summon Ice Beast         Ice/Summ       12%        N/A       45%         4


Dungeon Overview and Level Annotations

Branches:
Dungeon (4/15)             Temple (0/1) D:4

Altars:
Dithmenos
Hepliaklqana

Annotations:
D:4 1 runed translucent door, Crazy Yiuf, Menkaure


Innate Abilities, Weirdness & Mutations

((You are very nimble when in or above water. (Stealth+, EV+, Speed+++)))
Your lower body shifts to a powerful aquatic tail in water.


Message History

The wall freezes Menkaure but does no damage.
Menkaure resists.
The wall freezes Menkaure.
Menkaure calls on the powers of darkness!
Your body is wracked with pain!
Unknown command.
You hit Menkaure but do no damage.
Menkaure is lightly damaged.
You closely miss Menkaure. You punch Menkaure, but do no damage.
Menkaure is lightly damaged.
Menkaure resists.
The wall freezes Menkaure.
Menkaure hits you.
You are too injured to fight recklessly!
You are too injured to fight recklessly!
You are too injured to fight recklessly!
You hit Menkaure.
Menkaure is moderately damaged.
Menkaure resists.
The wall freezes Menkaure.
Menkaure closely misses you.
Unknown command.
You hit Menkaure.
Menkaure is heavily damaged.
The frozen ramparts melt away.
Menkaure misses you.
You puncture Menkaure!
Menkaure is severely damaged.
Menkaure hits you!
* * * LOW HITPOINT WARNING * * *
You hit Menkaure but do no damage.
Menkaure is severely damaged.
You barely miss Menkaure.
Menkaure is severely damaged.
Menkaure points at you and mumbles some strange words.
Pain shoots through your body!
* * * LOW HITPOINT WARNING * * *
Casting: Ozocubu's Armour (dangerous; 4% risk of failure)
Confirm with . or Enter, or press ? or * to list all spells.
Aiming: Freeze (safe; 1% risk of failure)
Press: ? - help, Shift-Dir - straight line, f - Menkaure
Aim: Menkaure (severely damaged)
You freeze Menkaure.
Menkaure resists.
Menkaure is almost destroyed.
Menkaure hits you!
You die...

..# ..# ..# #.#.#
#.#.# #.#.# #.#M#
#.#@# #.#.# #.#.#
############.#.#
#....>...[.....#
###.##########.###
.##.# #.# .##.#
#.# .##.# #.#


You could see Menkaure.

Vanquished Creatures
  An ogre (D:4)
  2 orc priests (D:3)
  A gnoll (D:1)
  3 adders (D:2)
  3 worms
  3 dart slugs
  5 orcs
  8 bats
  2 endoplasms
  15 giant cockroaches
  6 goblins
  6 hobgoblins
  5 quokkas
  5 ball pythons
  A frilled lizard (D:3)
  5 kobolds
  9 rats
80 creatures vanquished.

Notes
Turn   | Place    | Note
-------+----------+-------------------------------------------
     0 | D:1      | safid the Merfolk Ice Elementalist began the quest for the
                  | Orb.
     0 | D:1      | Reached XP level 1. HP: 13/13 MP: 3/3
   453 | D:1      | Reached XP level 2. HP: 20/20 MP: 5/5
   498 | D:1      | Reached skill level 1 in Fighting
   985 | D:2      | Reached XP level 3. HP: 26/26 MP: 6/6
   999 | D:1      | Learned a level 3 spell: Frozen Ramparts
  1093 | D:2      | Found a shadowy altar of Dithmenos.
  1198 | D:2      | Reached skill level 5 in Ice Magic
  1198 | D:2      | Reached XP level 4. HP: 33/33 MP: 5/8
  1696 | D:3      | Learned a level 3 spell: Ozocubu's Armour
  1708 | D:3      | Found a hazy altar of Hepliaklqana.
  1915 | D:3      | Reached XP level 5. HP: 32/40 MP: 2/9
  2776 | D:4      | Noticed an ogre
  2785 | D:4      | Killed an ogre
  2786 | D:4      | Reached XP level 6. HP: 47/47 MP: 4/11
  2877 | D:4      | Found a staircase to the Ecumenical Temple.
  3083 | D:4      | Found a runed translucent door.
  3084 | D:4      | Noticed Crazy Yiuf
  3201 | D:4      | Identified the +0 plate armour of Sorcery {Will- Dex+4}
  3208 | D:4      | Noticed Menkaure
  3221 | D:4      | Mangled by Menkaure

Illustrated notes

Levels and vault maps discovered:
D:1:      dpeg_arrival_shelter, layout_basic
D:2:      minmay_roachtagon, layout_rooms, basic_altar, minmay_tetromino_t4
D:3:      layout_basic, mainiacjoe_overflow_cross_hatched
D:4:      layout_loops_ring, temple_doors_e, st_stairs_7,
          uniq_crazy_yiuf_cottage, uniq_menkaure

Skill      XL: |  1  2  3  4  5 |
---------------+----------------+-----
Fighting       | 1 2 3 |  3.6
Ice Magic      | 5 |  5.9
Spellcasting   | 3 |  3.7
Dodging        | |  2.6
Stealth        | |  2.1

Action                     |  1- 3 |  4- 6 || total
---------------------------+-------+-------++-------
  Melee: Hand axe          |     6 |       ||     6
         Short sword       |    47 |   125 ||   172
         Unarmed           |     1 |       ||     1
         Punch             |       |     1 ||     1
   Cast: Freeze            |    14 |     5 ||    19
         Frozen Ramparts   |     1 |     4 ||     5
         Ozocubu's Armour  |       |     2 ||     2
   Stab: Sleeping          |     9 |     6 ||    15
 Armour: Robe              |    25 |    25 ||    50
  Dodge: Dodged            |    39 |    67 ||   106
